 Dungeon Crawl Stone Soup version 0.14-a0-1169-g4815781 (webtiles) character file.

317 PolkaDot the Cutter (level 5, 0/35 (39) HPs)
             Began as a Vampire Death Knight on Nov 29, 2013.
             Was a Believer of Yredelemnul.
             Slain by a gnoll
             ... wielding a +0,+2 spear of dragon slaying
              (4 damage)
             ... on Level 3 of the Dungeon on Nov 30, 2013.
             The game lasted 00:09:25 (2203 turns).

PolkaDot the Cutter (Vampire Death Knight)          Turns: 2203, Time: 00:09:25

HP   0/35 (39)   AC  5     Str 12      XL: 5   Next: 22%
MP   0/9         EV 11     Int 13      God: Yredelemnul [**....]
Gold 152         SH  0     Dex 14      Spells:  0 memorised,  4 levels left

rFire  + . .     SeeInvis +     a - +1 short sword
rCold  + . .     Clarity  .     b - +0 leather armour
rNeg   + + .     Conserve .     (no shield)
rPois  +         rCorr    .     (no helmet)
rElec  .         rRot     +     p - +0 cloak
SustAb . .       Spirit   +     (no gloves)
rMut   .         Warding  .     q - +0 pair of boots
Saprov . . .     Stasis   .     d - amulet of guardian spirit
                                (no ring)
                                e - cursed ring of protection from fire {unknown}

@: regenerating slowly, injury mirror, slightly resistant to hostile
enchantments, unstealthy
A: fangs 3, see invisible, unbreathing
a: Bat Form, Animate Remains, Recall Undead Slaves, Injury Mirror, Renounce
Religion


You were on level 3 of the Dungeon.
You worshipped Yredelemnul.
Yredelemnul was pleased with you.
You were thirsty.

You visited 1 branch of the dungeon, and saw 3 of its levels.

You collected 152 gold pieces.

Inventory:

Hand weapons
 a - a +1,+1 short sword (weapon)
Armour
 b - a +0 leather armour (worn)
 p - a +0 cloak (worn)
 q - a +0 pair of boots (worn)
Scrolls
 c - a scroll of enchant armour {unknown}
 f - 3 scrolls of fear {unknown}
 h - 2 scrolls of blinking {unknown}
 i - a scroll of random uselessness {unknown}
 j - a scroll of curse armour {unknown}
 l - 3 scrolls of identify {unknown}
 m - a scroll of enchant weapon II {unknown}
 o - a scroll of teleportation {unknown}
Jewellery
 d - an amulet of guardian spirit (around neck)
 e - a cursed ring of protection from fire (left hand) {unknown}
 s - an uncursed ring of wizardry {unknown}
Potions
 r - a potion of mutation


   Skills:
 - Level 1.7 Fighting
 * Level 4.3 Short Blades
 - Level 0.7 Armour
 + Level 2.7 Dodging
 + Level 3.5 Invocations


You had 4 spell levels left.
You didn't know any spells.

Dungeon Overview and Level Annotations

Branches:
Dungeon (3/16)

Altars:
Zin


Innate Abilities, Weirdness & Mutations

You heal slowly.
You have razor-sharp teeth.*
You have supernaturally acute eyesight.
You can survive without breathing.*


Message History

The gnoll hits your hobgoblin zombie with a runed spear.
Your hobgoblin zombie barely misses the gnoll.
The gnoll hits your hobgoblin zombie with a runed spear.
Your hobgoblin zombie is destroyed!
Drink which item? (? for menu, Esc to quit)
Okay, then.
Use which ability? (? or * to list) Nothing appears to have answered your call.
You feel slightly more thirsty.
Use which ability? (? or * to list) Nothing appears to have answered your call.
You feel slightly more thirsty. The gnoll misses you.
The gnoll hits you from afar with a runed spear.
* * * LOW HITPOINT WARNING * * *
Use which ability? (? or * to list)
You offer yourself to Yredelemnul, and fill with unholy energy.
The gnoll hits you with a runed spear!
* * * LOW MAGIC WARNING * * *
You die...
Yredelemnul claims you as an undead slave.

# #...# #.#
#.......)..# #
#...# #.#
#..........# #
#...# #.#
#..........# #
#...# #.#
#..........# #
#...# #.#
#..........# #
#...# #.#
#..........# #
#...# #.#
#..........## #
#...# #.#
#g..)........ #
#...# #.#
#@))......... #
#.%.# #.#
#..#######... #
#...# #.# #..# .
####...####.# #)$#
............# #).#
............# #..#
#####.......####..#
#.............#
#.............#


You could see a gnoll.

Vanquished Creatures
  An orc wizard (D:3)
  3 adders
  5 gnolls
  An inept item mimic (D:2)
  A giant mite (D:2)
  3 giant geckos
  4 orcs (D:3)
  A ball python (D:1)
  2 giant cockroaches (D:1)
  3 hobgoblins
  3 kobolds
  7 bats
  2 giant newts (D:3)
  5 goblins (D:1)
  3 rats (D:1)
44 creatures vanquished.

Vanquished Creatures (collateral kills)
  3 gnolls (D:3)
  2 hobgoblins (D:3)
  A bat (D:3)
  A goblin (D:1)
7 creatures vanquished.

Vanquished Creatures (others)
  2 bat zombies
  3 gnoll zombies (D:3)
  A hobgoblin zombie (D:3)
  3 orc zombies (D:3)
9 creatures vanquished.

Grand Total: 60 creatures vanquished

Notes
Turn   | Place    | Note
--------------------------------------------------------------
     0 | D:1      | PolkaDot, the Vampire Death Knight, began the quest for the Orb.
     0 | D:1      | Reached XP level 1. HP: 16/16 MP: 3/3
   231 | D:1      | Reached XP level 2. HP: 15/22 MP: 2/4
   288 | D:1      | Reached skill level 3 in Short Blades
   622 | D:1      | Found a glowing silver altar of Zin.
   651 | D:1      | Reached XP level 3. HP: 27/27 MP: 6/6
   966 | D:2      | Acquired Yredelemnul's second power
  1727 | D:3      | Reached XP level 4. HP: 23/33 MP: 6/8
  1813 | D:3      | Reached skill level 4 in Short Blades
  1822 | D:3      | Reached XP level 5. HP: 19/35 MP: 3/9
  2087 | D:3      | HP: 1/35 [gnoll/runed spear (3)]
  2203 | D:3      | Slain by a gnoll

Action                   |  1- 3 |  4- 6 || total
-------------------------+-------+-------++-------
Melee: Short sword       |   105 |    79 ||   184
Invok: Animate Remains   |    14 |     8 ||    22
       Recall Undead Sla |       |     2 ||     2
       Injury Mirror     |       |     1 ||     1
  Use: Potion            |     1 |     7 ||     8
 Stab: Distracted        |     2 |     2 ||     4
       Invisible         |       |     3 ||     3
